Map: World of Sleepers LE

Players

DPGPartinG (PartinG)

  • Race: Protoss Protoss
  • League: Grandmaster
  • Spawn Location: 7:00

Zest - Winner!

  • Race: Protoss Protoss
  • League: Master
  • Spawn Location: 1:00

VOD

Have the link to the VOD?

Description

Time

  • Played on: Jan. 7, 2020, 8:15 p.m.
  • Length: 4:30
Show
View Real Time Build Order
Export as new Build Order

DPGPartinG Protoss 

Build Orders: Oracle Opening 

Get SALT Encoding   

  12  0:00  Probe  
  13  0:12  Probe  
  14  0:17  Pylon  
  14  0:24  Probe (Chrono Boost)  
  15  0:36  Probe (Chrono Boost), Gateway  
  16  0:45  Probe (Chrono Boost)  
  16  0:46  Assimilator  
  17  0:51  Probe  
  17  0:54  Assimilator  
  18  1:03  Probe (Chrono Boost)  
  19  1:07  Gateway  
  19  1:12  Probe (Chrono Boost)  
  19  1:17  Probe (Chrono Boost)  
  21  1:26  Cybernetics Core  
  21  1:29  Probe  
  22  1:35  Pylon  
  22  1:41  Probe  
  24  2:02  Warp Gate, Adept x2  
  24  2:05  Pylon  
  24  2:06  Probe  
  28  2:18  Probe  
  29  2:23  Stargate  
  29  2:30  Shield Battery  
  29  2:37  Stalker  
  31  2:41  Stalker  
  32  2:48  Shield Battery  
  32  3:04  Oracle (Chrono Boost)  
  32  3:11  Pylon, Shield Battery  
  33  3:27  Shield Battery  
  33  3:32  Oracle (Chrono Boost)  
  27  3:51  Stalker  
  27  3:52  Stalker  
  26  4:14  Stalker  
Show
View Real Time Build Order
Export as new Build Order

Zest Protoss - Winner!

Build Orders:  

Get SALT Encoding   

  12  0:00  Probe  
  13  0:12  Probe  
  14  0:17  Pylon  
  14  0:24  Probe (Chrono Boost)  
  15  0:36  Probe (Chrono Boost), Gateway  
  16  0:44  Probe (Chrono Boost)  
  16  0:46  Assimilator  
  17  0:51  Probe  
  17  0:54  Assimilator  
  18  1:03  Probe (Chrono Boost)  
  19  1:07  Gateway  
  19  1:12  Probe (Chrono Boost)  
  19  1:17  Probe (Chrono Boost)  
  20  1:23  Cybernetics Core  
  21  1:29  Probe  
  22  1:34  Pylon  
  22  1:41  Probe  
  23  1:53  Probe  
  24  1:59  Warp Gate, Stalker  
  26  2:04  Robotics Facility  
  26  2:12  Stalker  
  28  2:22  Pylon  
  28  2:33  Stalker  
  29  2:44  Shield Battery  
  29  2:48  Immortal (Chrono Boost)  
  33  2:54  Sentry  
  35  3:13  Shield Battery  
  35  3:17  Warp Prism (Chrono Boost)  
  37  3:24  Pylon  
  37  3:47  Stalker x2  
  40  4:07  Probe  
  39  4:13  Stalker  
  39  4:14  Stalker  
Tags
 
Add a new tag
Caveats
  • Supply blocks, unpowered buildings, or Contaminate may cause inaccurate times.
  • Supply counts are checked every 10 seconds.